AoeStats
← 大王同学

QS Arena

503590232Analyzed
4v4 RM · 1mo ago on Sep 1, 2026· 38m 49s· 8 players
Game mode
Random Map
Map size
Large (8 player)
Population
200
Speed
Normal
Resources
Standard
Victory
Conquest
Starting age
Dark Age
Ending age
Imperial Age
RankedLock teamsTeams togetherTeam positionsShared explorationLock speedFull tech treeHidden civsTurbo modeCheats
Victory
Defeat
🇦🇷 Persians · Argentina
1361
+17
🇨🇳 Jurchens · China
1322
+18
🇭🇰 Bengalis · Hong Kong SAR China
1268
+21
🇨🇳 Vietnamese · China
1236
+22
🇻🇳 Franks · Vietnam
1418
-21
1398
-21
🇹🇼 Tupi · Taiwan
1351
-19
🇮🇹 Cumans · Italy
1339
-18
Nogard
6:16 Feudal Age
8:07 Double-Bit Axe
9:48 Horse Collar
14:05 Wheelbarrow
13:15 Loom
18:50 Castle Age
17:29 Gold Mining
18:12 Scale Barding Armor
18:17 Forging
20:00 Bloodlines
20:43 Iron Casting
20:28 Chain Barding Armor
21:24 Capped Ram
23:45 Bow Saw
24:05 Heavy Plow
25:19 Gold Shaft Mining
28:13 Hand Cart
27:50 Stone Mining
33:42 Imperial Age
35:53 Blast Furnace
35:29 Plate Barding Armor
38:41 Fervor
慢工出細活
4:28 Loom
6:53 Feudal Age
11:02 Fletching
14:34 Double-Bit Axe
16:48 Horse Collar
21:49 Castle Age
20:44 Forging
20:35 Scale Mail Armor
20:43 Champi Runner
21:09 Arson
21:55 Champi Warrior
22:39 Squires
25:31 Chain Mail Armor
29:39 Iron Casting
31:15 Wheelbarrow
30:58 Bodkin Arrow
31:03 Padded Archer Armor
33:14 Ballistics
34:52 Leather Archer Armor
37:10 Imperial Age
35:01 Elite Skirmisher
36:55 Gold Mining
38:53 Chemistry
38:15 Conscription
danganharmy
8:02 Feudal Age
11:48 Castle Age
10:04 Double-Bit Axe
18:49 Wheelbarrow
20:10 Bow Saw
21:59 Hand Cart
26:30 Imperial Age
23:46 Loom
23:47 Town Watch
24:14 Forging
24:09 Scale Barding Armor
23:59 Gold Mining
26:55 Husbandry
27:16 Chain Barding Armor
27:31 Iron Casting
27:59 Gold Shaft Mining
27:16 Stone Mining
26:53 Cavalier
29:31 Plate Barding Armor
32:13 Blast Furnace
32:17 Conscription
32:42 Paladin
35:26 Chemistry
34:33 Siege Engineers
35:26 Pikeman
36:07 Squires
37:11 Fortified Wall
37:11 Masonry
37:26 Halberdier
38:15 Scale Mail Armor
39:13 Chain Mail Armor
海岛奇兵常凯申
7:37 Feudal Age
11:40 Castle Age
10:27 Loom
19:23 Wheelbarrow
20:54 Forging
21:49 Double-Bit Axe
22:11 Horse Collar
22:59 Bow Saw
27:40 Imperial Age
26:36 Fletching
28:09 Gold Mining
28:09 Stone Mining
30:29 Gold Shaft Mining
31:49 Husbandry
31:59 Bloodlines
31:43 Light Cavalry
33:22 Conscription
35:13 Iron Casting
34:43 Scale Barding Armor
38:28 Blast Furnace
37:51 Chain Barding Armor
39:10 Blast Furnace
大王同学
7:18 Loom
9:28 Feudal Age
11:34 Fletching
14:28 Castle Age
17:42 Sanctity
27:17 Redemption
32:09 Double-Bit Axe
33:55 Wheelbarrow
33:37 Horse Collar
36:17 Gold Mining
36:40 Bow Saw
37:03 Forging
36:58 Scale Barding Armor
mengxing
7:25 Feudal Age
11:12 Castle Age
9:51 Double-Bit Axe
10:07 Horse Collar
14:39 Loom
15:43 Wheelbarrow
18:09 Bow Saw
18:41 Heavy Plow
21:08 Gold Mining
22:49 Hand Cart
23:53 Gold Shaft Mining
23:08 Stone Mining
26:51 Imperial Age
25:59 Stone Shaft Mining
25:47 Scale Barding Armor
25:52 Forging
27:08 Chain Barding Armor
27:23 Town Watch
30:15 Fletching
29:54 Elite War Elephant
31:31 Iron Casting
32:01 Masonry
33:37 Architecture
34:10 Blast Furnace
33:37 Citadels
35:08 Conscription
35:03 Bodkin Arrow
35:46 Plate Barding Armor
37:10 Husbandry
38:29 Chemistry
38:38 Bloodlines
小传奇
8:35 Feudal Age
12:23 Castle Age
12:16 Double-Bit Axe
12:16 Horse Collar
19:47 Bow Saw
21:03 Loom
22:14 Heavy Plow
23:24 Town Watch
24:27 Wheelbarrow
26:04 Ballistics
28:35 Imperial Age
26:28 Hand Cart
26:22 Fletching
26:33 Padded Archer Armor
27:43 Bodkin Arrow
28:06 Leather Archer Armor
28:18 Gold Mining
28:43 Stone Mining
29:39 Bracer
30:10 Ring Archer Armor
31:00 Chemistry
31:14 Gold Shaft Mining
30:45 Heavy Cavalry Archer
32:10 Conscription
33:54 Thunderclap Bombs
34:00 Husbandry
34:13 Bloodlines
34:10 Light Cavalry
35:29 Hussar
36:11 Scale Mail Armor
36:17 Scale Barding Armor
36:23 Forging
37:54 Chain Barding Armor
39:03 Iron Casting
39:28 Caravan
39:58 Coinage
39:39 Guilds
小离爱吃糖
10:07 Feudal Age
16:39 Castle Age
16:25 Horse Collar
16:34 Double-Bit Axe
19:21 Bow Saw
19:14 Heavy Plow
23:13 Fletching
27:39 Gold Mining
27:42 Stone Mining
31:54 Imperial Age
30:21 Wheelbarrow
29:31 Loom
34:55 Padded Archer Armor
34:51 Bodkin Arrow
35:09 Thumb Ring
35:40 Scale Mail Armor
35:51 Forging
36:41 Chain Mail Armor
38:03 Iron Casting
37:55 Squires
41:04 Imperial Age
Connection lost

Rejoining the realm…

Still unreachable

The connection could not be restored.

Session expired

The server has moved on; the page needs a fresh start.